 Dungeon Crawl Stone Soup version 0.31-a0-164-g2312942fda (webtiles) character file.

Game seed: 5806405095463595163

1332 qw the Cleaver (level 8, -1/51 HPs)
             Began as a Gargoyle Fighter on June 13, 2023.
             Was an Initiate of Okawaru.
             Engulfed by a steam dragon's steam (8 damage)
             ... on level 6 of the Dungeon.
             The game lasted 00:02:02 (4910 turns).

qw the Cleaver (Gargoyle Fighter)                   Turns: 4910, Time: 00:02:02

Health: -1/51      AC: 18    Str: 23    XL:     8   Next: 61%
Magic:  6/8        EV: 10    Int:  8    God:    Okawaru [......]
Gold:   310        SH:  5    Dex:  9    Spells: 7/7 levels left

rFire   . . .        Y - +3 war axe
rCold   . . .        c - +0 buckler
rNeg    + . .        i - +0 chain mail
rPois   inf          (no helmet)
rElec   +            m - +1 cloak
rCorr   .            (no gloves)
SInv    .            (no boots)
Will    .....        (no amulet) Stlth
                     (no ring)
HPRegen 0.28/turn    (no ring)
MPRegen 0.11/turn

%: no passive effects
@: about to teleport, heroic
A: sickness immunity, AC +5, negative energy resistance 1, electricity
resistance, torment resistance 1, petrification resistance
a: Renounce Religion


You were on level 6 of the Dungeon.
You worshipped Okawaru.
Okawaru was noncommittal.
You visited 2 branches of the dungeon, and saw 7 of its levels.

You collected 310 gold pieces.


Innate Abilities, Weirdness & Mutations

You are immune to sickness and miasma.
Your stone body is resilient. (AC +5)
You are immune to poison.
You resist negative energy. (rN+)
You are resistant to electric shocks. (rElec)
You are resistant to unholy torment.
You are immune to petrification.


   Skills:
 - Level 6.0(11.0) Fighting
 + Level 8.4(13.4) Axes
 - Level 3.2(8.2) Armour
 - Level 1.1(6.1) Dodging
 - Level 3.2(8.2) Shields


You had 7 spell levels left.
You didn't know any spells.
Your spell library was empty.

Inventory:

Hand Weapons
 o - a +0 morningstar
 Y - a +3 war axe (weapon)
Armour
 c - a +0 buckler (worn)
 i - a +0 chain mail (worn)
 m - a +1 cloak (worn)
Scrolls
 a - a scroll of identify
 f - 2 scrolls of teleportation
 h - a scroll of fog {unknown}
Potions
 b - a potion of degeneration {unknown}
 d - a potion of might
 e - 2 potions of resistance
 g - a potion of lignification
 j - a potion of heal wounds {unknown}
 k - a potion of haste
 l - a potion of attraction

Dungeon Overview and Level Annotations

Branches:
Dungeon (6/15)             Temple (1/1) D:5

Altars:
Ashenzari
Cheibriados
Dithmenos
Elyvilon
Gozag
Hepliaklqana
Kikubaaqudgha
Makhleb
Okawaru
Ru
Sif Muna
Uskayaw
Vehumet
Wu Jian
Yredelemnul
The Shining One

Shops:
D:3 :


Message History

You completely miss the steam dragon. You block the steam dragon's attack.
The steam dragon closely misses you.
You slash the steam dragon!
The steam dragon is moderately wounded.
You block the steam dragon's attack. The steam dragon claws you.
You hit the steam dragon.
The steam dragon is moderately wounded.
The steam dragon breathes steam at you. The ball of steam hits you.
You hear an angry hiss.
You slash the steam dragon!
The steam dragon is severely wounded.
You are engulfed in a cloud of scalding steam.
The steam dragon bites you.
The steam dragon claws you but does no damage.
You barely miss the steam dragon.
The steam dragon is severely wounded.
You are engulfed in a cloud of scalding steam.
The steam dragon bites you but does no damage.
The steam dragon barely misses you. The steam dragon breathes steam at you.
The ball of steam hits you but does no damage.
A steam dragon comes into view.
You slash the steam dragon!
You kill the steam dragon!
Okawaru accepts your kill.
You can now gain great but temporary skills.
The steam dragon scales are intact enough to wear.
4908 ||| INVOKING Heroism.
You gain the combat prowess of a mighty hero.
You can no longer gain great but temporary skills.
The steam dragon breathes steam at you. The ball of steam hits you!
4909 ||| Stepping ~*~*~tactically~*~*~ (cloud).
A steam dragon comes into view.
4910 ||| READING 3 scrolls of teleportation.
As you read the scroll of teleportation, it crumbles to dust.
You feel strangely unstable.
You are engulfed in a cloud of scalding steam.
You die...

#### .... ####~~~
### ....## ..
##~~~.D #..
......... .##~~...#
### .#........ .
#~.}..# #### ....#
#.##.# #.....# #...
....# #.##.# #¤D.#
#### ....#
#.#...####¤##
...####..# #.##¤@¤#
####### .........#
#....$## #......
.#.####..###.#######
####.#####
........#...........
..##.#
##.#################
#.##.# ##.#########
#.##.# ...........#
#.##.# ##.#######.#
#.##.# #.# #.#
###.#..##


You could see 2 steam dragons.

Vanquished Creatures
  A steam dragon (D:6)
  Edmund (D:5)
  2 ice beasts (D:6)
  2 ogres
  A centaur (D:5)
  2 scorpions
  A howler monkey (D:5)
  A jelly (D:5)
  2 hounds
  Jessica (D:3)
  3 iguanas (D:6)
  2 sleepcaps
  An orc wizard (D:4)
  A gnoll (D:1)
  12 adders
  2 worms
  4 dart slugs
  12 orcs
  7 bats
  4 endoplasms
  A giant cockroach (D:2)
  5 goblins
  5 hobgoblins
  10 jackals
  5 quokkas
  3 ball pythons
  6 frilled lizards
  11 kobolds
  4 rats
112 creatures vanquished.

Notes
Turn   | Place    | Note
-------+----------+-------------------------------------------
     0 | D:1      | qw the Gargoyle Fighter began the quest for the Orb.
     0 | D:1      | Reached XP level 1. HP: 14/14 MP: 1/1
     0 | D:1      | 0 ||| qw: Version: 0.2-a-29-gc1b59c4
     0 | D:1      | 0 ||| qw: Game counter: 4483
     0 | D:1      | 0 ||| qw: Always use a shield: true
     0 | D:1      | 0 ||| qw: God list: Okawaru
     0 | D:1      | 0 ||| qw: Allow faded altars: false
     0 | D:1      | 0 ||| qw: Do Orc after D:15 true
     0 | D:1      | 0 ||| qw: Do second Lair branch before Depths: true
     0 | D:1      | 0 ||| qw: Lair rune preference: random
     0 | D:1      | 0 ||| qw: Plans: Normal, Zot:1-4, Slime:5, God:TSO, Crypt,
                  | Tomb, Abyss, Pan, Hells, Win
     0 | D:1      | 0 ||| PLANNING D:1-11
    40 | D:1      | 40 ||| Stepping ~*~*~tactically~*~*~ (stealth).
    92 | D:1      | Reached skill level 2 in Axes
   128 | D:1      | 128 ||| Stepping ~*~*~tactically~*~*~ (stealth).
   172 | D:1      | Reached XP level 2. HP: 19/19 MP: 2/2
   215 | D:1      | Found a faded altar of an unknown god.
   224 | D:1      | Reached skill level 3 in Axes
   302 | D:1      | Reached XP level 3. HP: 23/23 MP: 3/3
   666 | D:1      | 666 ||| READING scroll labelled WEEPSECLIH.
   667 | D:1      | 667 ||| READING 3 scrolls labelled KENNUK GU RAU.
   668 | D:1      | 668 ||| READING 2 scrolls of enchant weapon.
   668 | D:1      | 668 ||| ENCHANTING +1 war axe.
   669 | D:1      | 669 ||| READING scroll of enchant weapon.
   669 | D:1      | 669 ||| ENCHANTING +2 war axe.
   670 | D:1      | 670 ||| DRINKING 2 yellow potions.
   701 | D:2      | Found a glowing golden altar of the Shining One.
   754 | D:2      | Identified the +4 short sword of the Extremes {elec, *Rage
                  | rN+ Will+}
   910 | D:2      | 910 ||| Stepping ~*~*~tactically~*~*~ (hiding).
   919 | D:2      | 919 ||| Stepping ~*~*~tactically~*~*~ (stealth).
   922 | D:2      | 922 ||| Stepping ~*~*~tactically~*~*~ (stealth).
   944 | D:2      | Reached XP level 4. HP: 25/28 MP: 4/4
   949 | D:2      | Reached skill level 4 in Axes
  1000 | D:2      | 1000 ||| Stepping ~*~*~tactically~*~*~ (stealth).
  1003 | D:2      | 1003 ||| Stepping ~*~*~tactically~*~*~ (stealth).
  1116 | D:2      | 1116 ||| READING 4 scrolls labelled KESADI CAUTWE.
  1117 | D:2      | 1117 ||| READING scroll labelled TOM REMAUNWAGGOEME.
  1118 | D:2      | 1118 ||| READING 3 scrolls of identify.
  1118 | D:2      | 1118 ||| IDENTIFYING inky potion
  1119 | D:2      | 1119 ||| READING 2 scrolls of identify.
  1119 | D:2      | 1119 ||| IDENTIFYING amethyst potion
  1393 | D:3      | Found a shimmering blue altar of Sif Muna.
  1418 | D:3      | Found Intut's Book Boutique.
  1647 | D:3      | Found a hazy altar of Hepliaklqana.
  1720 | D:3      | Reached XP level 5. HP: 32/32 MP: 5/5
  1811 | D:3      | Noticed Jessica
  1813 | D:3      | 1813 ||| Stepping ~*~*~tactically~*~*~ (hiding).
  1815 | D:3      | 1815 ||| Stepping ~*~*~tactically~*~*~ (hiding).
  1821 | D:3      | Killed Jessica
  1949 | D:3      | Found an opulent altar of Gozag.
  1975 | D:3      | Found a hide-covered altar of Uskayaw.
  2072 | D:3      | 2072 ||| READING 2 scrolls labelled ENIT SAIX MOMI.
  2077 | D:3      | 2077 ||| READING scroll labelled AXEITA JOSUCU.
  2078 | D:3      | 2078 ||| READING scroll labelled FOONYEVAMU.
  2099 | D:3      | 2099 ||| DRINKING 2 glowing cyan potions.
  2116 | D:4      | Noticed an ogre
  2120 | D:4      | Killed an ogre
  2121 | D:4      | Reached skill level 5 in Axes
  2121 | D:4      | Reached XP level 6. HP: 35/37 MP: 6/6
  2307 | D:4      | 2307 ||| Stepping ~*~*~tactically~*~*~ (stealth).
  2376 | D:4      | 2376 ||| DROPPING +0 whip.
  2377 | D:4      | 2377 ||| DROPPING +0 flail.
  2412 | D:4      | 2412 ||| Stepping ~*~*~tactically~*~*~ (stealth).
  2420 | D:4      | Reached skill level 1 in Dodging
  2747 | D:4      | 2747 ||| Stepping ~*~*~tactically~*~*~ (hiding).
  3019 | D:4      | 3019 ||| Stepping ~*~*~tactically~*~*~ (stealth).
  3166 | D:4      | 3166 ||| UPGRADING to +0 cloak.
  3171 | D:4      | 3171 ||| READING scroll labelled UCAFRU LOFOSOU.
  3202 | D:5      | Entered Level 5 of the Dungeon
  3230 | D:5      | Reached skill level 6 in Axes
  3230 | D:5      | Reached XP level 7. HP: 43/43 MP: 7/7
  3327 | D:5      | Found a radiant altar of Vehumet.
  3339 | D:5      | 3339 ||| Stepping ~*~*~tactically~*~*~ (hiding).
  3340 | D:5      | 3340 ||| Stepping ~*~*~tactically~*~*~ (hiding).
  3359 | D:5      | 3359 ||| Stepping ~*~*~tactically~*~*~ (stealth).
  3361 | D:5      | 3361 ||| Stepping ~*~*~tactically~*~*~ (hiding).
  3364 | D:5      | 3364 ||| Stepping ~*~*~tactically~*~*~ (hiding).
  3522 | D:5      | 3522 ||| READING scroll of enchant armour.
  3522 | D:5      | 3522 ||| ENCHANTING +0 cloak.
  3545 | D:5      | 3545 ||| Stepping ~*~*~tactically~*~*~ (stealth).
  3637 | D:5      | Noticed Edmund
  3651 | D:5      | HP: 8/43 [Edmund/+5 dire flail of draining (8)]
  3652 | D:5      | 3652 ||| READING 4 scrolls of teleportation.
  3656 | D:5      | Killed Edmund
  3657 | D:5      | Reached skill level 7 in Axes
  3926 | D:5      | Found a staircase to the Ecumenical Temple.
  3927 | D:5      | 3927 ||| PLANNING TEMPLE
  3927 | D:5      | 3927 ||| UPGRADING to +0 chain mail.
  3937 | D:5      | 3937 ||| DROPPING +0 scale mail.
  3938 | D:5      | 3938 ||| READING scroll labelled DOACKUA UTOCLA.
  3949 | Temple   | Entered the Ecumenical Temple
  3950 | Temple   | 3950 ||| PLANNING OKAWARU WORSHIP
  3964 | Temple   | Became a worshipper of Warmaster Okawaru
  3964 | Temple   | 3964 ||| PLANNING D:1-11
  4158 | D:5      | Found a snail-covered altar of Cheibriados.
  4269 | D:6      | Found an ancient bone altar of Kikubaaqudgha.
  4310 | D:6      | Reached XP level 8. HP: 38/50 MP: 8/8
  4501 | D:6      | 4501 ||| Stepping ~*~*~tactically~*~*~ (hiding).
  4586 | D:6      | Found a broken altar of Ashenzari.
  4658 | D:6      | Identified the +4 sling of Avov {speed, rPois rF+}
  4717 | D:6      | 4717 ||| Stepping ~*~*~tactically~*~*~ (stealth).
  4718 | D:6      | 4718 ||| Stepping ~*~*~tactically~*~*~ (stealth).
  4730 | D:6      | Reached skill level 8 in Axes
  4746 | D:6      | Reached * piety under Okawaru
  4759 | D:6      | 4759 ||| INVOKING Heroism.
  4762 | D:6      | Reached skill level 6 in Fighting
  4895 | D:6      | 4895 ||| Stepping ~*~*~tactically~*~*~ (hiding).
  4908 | D:6      | 4908 ||| INVOKING Heroism.
  4908 | D:6      | HP: 7/51 [something/ball of steam (15)]
  4909 | D:6      | 4909 ||| Stepping ~*~*~tactically~*~*~ (cloud).
  4910 | D:6      | 4910 ||| READING 3 scrolls of teleportation.
  4910 | D:6      | Engulfed by a steam dragon's steam

Levels and vault maps discovered:
D:1:      evilmike_arrival_fibonacci_small, layout_basic,
          hellmonk_ecumenical_altar_pennies_from_heaven, kennysheep_minor_cross
D:2:      layout_basic, basic_altar, minmay_heptomino_w4
D:3:      layout_basic, mainiacjoe_overflow_small_starburst, marbit_many_paths,
          mainiacjoe_overflow_24_doors, lemuel_tele_altar, serial_shops,
          nicolae_square_shop, kennysheep_jessica_study
D:4:      layout_loops_corners, grunt_ministairs_7
D:5:      layout_basic, kennysheep_slug_shrine, mainiacjoe_overflow_boulevard,
          minmay_temple_entry_overgrown, uniq_edmund
D:6:      cheibrodos_steamvent, layout_loops_ring,
          mainiacjoe_overflow_tiny_flanked, nicolae_ashenzari_panopticon,
          lemuel_round_altar
Temple:   hellmonk_temple_two_chambers

Skill      XL: |  1  2  3  4  5  6  7  8 |
---------------+-------------------------+-----
Axes           | 2 3 4 5 6 7 8 |  8.4
Fighting       | 4 5 6 |  6.0
Dodging        | 1 |  1.1
Armour         | |  3.2
Shields        | |  3.2

Action                     |  1- 3 |  4- 6 |  7- 9 || total
---------------------------+-------+-------+-------++-------
  Melee: War axe           |    66 |   105 |   106 ||   277
  Throw: Boomerang         |    32 |    47 |     7 ||    86
 Invoke: Heroism           |       |       |     2 ||     2
    Use: Scroll            |     4 |     8 |     4 ||    16
         Potion            |     1 |     1 |       ||     2
 Armour: Scale mail        |    27 |    45 |    19 ||    91
         Chain mail        |       |       |    40 ||    40
  Dodge: Dodged            |    17 |    39 |    37 ||    93
  Block: Buckler           |     7 |    22 |    15 ||    44

Table legend:
 A = Non-vault XP
 B = Vault XP
 C = Vault XP percentage of total XP
 D = Non-vault monster count
 E = Vault monster count
 F = Vault count percentage of total count
                 A         B        C        D         E       F
            +---------+---------+-------+---------+---------+-------
      Total |    1454 |     450 |  23.6 |      93 |      19 |  17.0
            +---------+---------+-------+---------+---------+-------
        D:1 |      42 |       0 |   0.0 |      20 |       0 |   0.0
        D:2 |      49 |      51 |  51.0 |      18 |      11 |  37.9
        D:3 |      23 |      40 |  63.5 |       6 |       3 |  33.3
        D:4 |     327 |       6 |   1.8 |      23 |       2 |   8.0
        D:5 |     437 |     166 |  27.5 |      13 |       2 |  13.3
        D:6 |     576 |     187 |  24.5 |      13 |       1 |   7.1
            +---------+---------+-------+---------+---------+-------
